 Dungeon Crawl Stone Soup version 0.31-a0-237-g2d982f9f85 (webtiles) character file.

Game seed: 664025726683324559

11614 arthad the Geomancer (level 11, -3/60 HPs)
             Began as a Gargoyle Earth Elementalist on July 11, 2023.
             Was a High Priest of Vehumet.
             Slain by a komodo dragon (21 damage)
             ... on level 10 of the Dungeon.
             The game lasted 00:30:42 (9798 turns).

arthad the Geomancer (Gargoyle Earth Elementalist)  Turns: 9798, Time: 00:30:42

Health: -3/60      AC: 15    Str: 11    XL:     11   Next: 80%
Magic:  19/23      EV: 13    Int: 21    God:    Vehumet [*****.]
Gold:   653        SH:  0    Dex: 10    Spells: 10/27 levels left

rFire   . . .        x - staff of earth
rCold   . . .        (no shield)
rNeg    + . .        N - +0 steam dragon scales
rPois   ∞            O - +0 helmet
rElec   +            (no cloak)
rCorr   +            (no gloves)
SInv    +            c - +0 pair of boots
Will    .....        w - amulet of magic regeneration
Stlth   ++++         f - ring of see invisible
HPRegen 0.30/turn    n - ring of resist corrosion
MPRegen 0.58/turn

%: no passive effects
@: no status effects
A: sickness immunity, AC +8, negative energy resistance 1, electricity
resistance, torment resistance 1, petrification resistance
a: Renounce Religion


You were on level 10 of the Dungeon.
You worshipped Vehumet.
Vehumet was extremely pleased with you.
You visited 1 branch of the dungeon, and saw 10 of its levels.
You also visited: Ossuary and Bailey.

You collected 653 gold pieces.

Inventory:

Hand Weapons
 d - a +4 broad axe
 h - a +1 rapier of venom
 y - a +4 hand axe
 K - a +2 whip of holy wrath
 S - the +5 battleaxe "Lits" {vamp, rN+ Str+2 Int+5}
   (You found it in a bailey)

   Str:       It affects your strength (+2).
   Int:       It affects your intelligence (+5).
   rN:        It protects you from negative energy.
 V - a +4 demon trident
 W - the +4 falchion of the Chickpea {speed, Drain rN+ Str+8}
   (You found it on level 10 of the Dungeon)

   Str:       It affects your strength (+8).
   rN:        It protects you from negative energy.
   Drain:     It drains your maximum health when unequipped.
Missiles
 l - 24 poisoned darts
Armour
 a - a +0 robe
 c - a +0 pair of boots (worn)
 i - a +0 ring mail of fire resistance
 v - a +1 ring mail of cold resistance
 N - +0 steam dragon scales (worn)
 O - a +0 helmet (worn)
 P - a +3 plate armour of fire resistance
Magical Staves
 x - a staff of earth (weapon)
Jewellery
 f - a ring of see invisible (left hand)
 n - a ring of resist corrosion (right hand)
 w - an amulet of magic regeneration (around neck)
 A - a ring of protection from cold
 C - an amulet of the acrobat
 D - a ring of willpower
 J - an amulet of guardian spirit
Wands
 k - a wand of light (5)
 I - a wand of mindburst (20)
 Q - a wand of paralysis (7)
 T - a wand of iceblast (5)
Scrolls
 g - 3 scrolls of enchant weapon
 p - 9 scrolls of teleportation
 r - 4 scrolls of poison
 s - a scroll of noise
 u - a scroll of blinking
 B - 2 scrolls of vulnerability
 E - a scroll of summoning
 F - 6 scrolls of enchant armour
 H - a scroll of silence
 R - a scroll of fog
Potions
 b - 2 potions of magic
 e - 6 potions of curing
 j - 3 potions of mutation
 m - 3 potions of attraction
 o - 2 potions of might
 q - 2 potions of degeneration
 t - 3 potions of brilliance
 z - 2 potions of heal wounds
 G - 3 potions of haste {unknown}
 L - a potion of resistance {unknown}
 M - a potion of lignification {unknown}
 U - a potion of enlightenment {unknown}


   Skills:
 + Level 3.0 Fighting
 + Level 2.9 Armour
 + Level 5.8 Dodging
 + Level 8.4 Stealth
 * Level 8.9 Spellcasting
 * Level 4.2 Conjurations
 + Level 5.3 Transmutations
 * Level 11.7 Earth Magic


You had 10 spell levels left.
You knew the following spells:

 Your Spells              Type           Power      Damage    Failure   Level
a - Sandblast             Erth           100%       2d20      1%          1
b - Stone Arrow           Conj/Erth      100%       3d13      1%          3
c - Flame Wave            Conj/Fire      18%        2d7       9%          4
d - Lee's Rapid Deconstr  Erth           36%        3d18*     1%          5
e - Petrify               Tmut/Erth      61%        N/A       2%          4

Your spell library contained the following spells:

 Spells                   Type           Power      Damage    Failure   Level
 Arcjolt                  Conj/Air       9%         1d19      21%         5
 Beastly Appendage        Tmut           64%        N/A       1%          1
 Foxfire                  Conj/Fire      72%        2x1d7     1%          1
 Passwall                 Tmut/Erth      50%        N/A       1%          2
 Static Discharge         Conj/Air       36%        2-4/arc   1%          2
 Wereblood                Tmut           32%        N/A       1%          2
 Spider Form              Tmut/Pois      20%        N/A       7%          3
 Airstrike                Air            4%         2d(1-17)  19%         4
 Fireball                 Conj/Fire      9%         3d6       21%         5
 Gell's Gravitas          Tloc           9%         N/A       22%         3
 Teleport Other           Tloc           9%         N/A       22%         3
 Summon Lightning Spire   Summ/Air       9%         N/A       58%         4
 Eringya's Noxious Bog    Tmut/Pois      10%        4d6       63%         6
 Starburst                Conj/Fire      9%         6d5       71%         6
 Summon Forest            Summ/Tloc      4%         N/A       90%         5
 Plasma Beam              Fire/Air       4%         2x1d14    93%         6
 Dispersal                Tloc           4%         N/A       100%        6
 Summon Hydra             Summ           4%         N/A       100%        7


Dungeon Overview and Level Annotations

Branches:
Dungeon (10/15)            Temple (0/1) D:4            Lair (0/5) D:10
Ossuary (visited)          Bailey (visited)
    Orc: D:9-12

Altars:
Cheibriados
Elyvilon
Nemelex Xobeh
Okawaru
Qazlal
Uskayaw
Vehumet

Annotations:
D:8 3 runed translucent doors


Innate Abilities, Weirdness & Mutations

You are immune to sickness and miasma.
Your stone body is resilient. (AC +8)
You are immune to poison.
You resist negative energy. (rN+)
You are resistant to electric shocks. (rElec)
You are resistant to unholy torment.
You are immune to petrification.


Message History

You can't see any susceptible monsters within range! (Use Z to cast anyway.)
You feel a surge of power!
The blast of sand misses the komodo dragon.
You feel a surge of power!
The blast of sand hits the komodo dragon.
The komodo dragon is lightly wounded.
You feel a surge of power!
The blast of sand hits the komodo dragon.
The komodo dragon is lightly wounded.
The komodo dragon completely misses you.
The komodo dragon misses you.
You feel a surge of power!
The blast of sand hits the komodo dragon.
The komodo dragon is moderately wounded.
The komodo dragon bites you but does no damage.
You feel a surge of power!
The blast of sand hits the komodo dragon!
The komodo dragon is severely wounded.
The komodo dragon bites you! x2
You feel a surge of power!
The blast of sand hits the komodo dragon!
The komodo dragon is severely wounded.
The komodo dragon barely misses you.
You feel a surge of power!
The blast of sand hits the komodo dragon.
The komodo dragon is almost dead.
The komodo dragon completely misses you.
The komodo dragon bites you!!
* * * LOW HITPOINT WARNING * * *
You are too injured to fight recklessly!
You are too injured to fight recklessly!
Casting: Sandblast (safe; 1% risk of failure)
Confirm with . or Enter, or press ? or * to list all spells.
Aiming: Stone Arrow (safe; 1% risk of failure)
Press: ? - help, Shift-Dir - straight line, f/p - komodo dragon
Aim: a komodo dragon (almost dead, 84% to hit)
You feel a surge of power!
The stone arrow misses the komodo dragon.
The komodo dragon bites you!!
You die...

***** **** ##*#### *,,,* *,,**
#.##..########### *,*** *#.,*
###.#.##..).......
***,,,****#..###..#.....)..###...
*,+*,*,,*.#......./......####.###
,,***,*,,....†.l@...###### ### #
*,****,,,...#........#****
***,*,,**....#...####...,***
*,,,,**,###...#.# *###,*,*
********,*##.#### **>** ******
##* *** *,,* # **,* # *,*
######## ######


You could see a komodo dragon.

Vanquished Creatures
  An orc warlord (Bailey)
  Urug (D:10)
  An orc knight (Bailey)
  A gargoyle (D:10)
  An unseen horror (D:9)
  A troll (D:10)
  Prince Ribbit (D:6)
  2 wyverns
  2 basilisks (D:10)
  A wraith (Ossuary)
  12 yaks
  Eustachio (D:6)
  4 steam dragons
  Grum (D:8)
  Menkaure (D:6)
  2 acid dragons
  2 water moccasins
  6 orc warriors
  5 ice beasts
  4 sky beasts
  4 wolves (D:8)
  A phantom (D:5)
  5 centaurs
  2 kobold brigands
  A gnoll sergeant (D:7)
  A bullfrog (D:7)
  9 scorpions
  8 wights
  10 killer bees
  10 howler monkeys
  5 jellies
  A hound (D:6)
  A gnoll bouda (D:7)
  4 orc priests
  An iron imp (D:4)
  Jessica (D:2)
  5 orc wizards
  2 iguanas
  3 mummies (Ossuary)
  10 gnolls
  9 adders
  2 shadow imps
  2 white imps
  2 ufetubi
  2 worms
  2 dart slugs
  24 orcs
  8 ball pythons
  15 bats
  3 endoplasms
  2 giant cockroaches (D:2)
  A gnoll zombie (Ossuary)
  14 goblins
  14 hobgoblins
  5 jackals
  28 kobolds
  6 quokkas
  A frilled lizard (D:1)
  A goblin zombie (Ossuary)
  5 hobgoblin zombies (Ossuary)
  3 kobold zombies (Ossuary)
  10 rats
293 creatures vanquished.

Notes
Turn   | Place    | Note
-------+----------+-------------------------------------------
     0 | D:1      | arthad the Gargoyle Earth Elementalist began the quest for
                  | the Orb.
     0 | D:1      | Reached XP level 1. HP: 10/10 MP: 3/3
   276 | D:1      | Reached XP level 2. HP: 15/15 MP: 3/5
   410 | D:1      | Reached skill level 1 in Transmutations
   446 | D:1      | Reached skill level 4 in Earth Magic
   922 | D:2      | Reached XP level 3. HP: 17/19 MP: 2/6
  1448 | D:2      | Noticed Jessica
  1451 | D:2      | Killed Jessica
  1452 | D:2      | Reached XP level 4. HP: 24/24 MP: 4/7
  1534 | D:2      | Found a radiant altar of Vehumet.
  1627 | D:2      | Became a worshipper of Vehumet
  1704 | D:3      | Found a sparkling altar of Nemelex Xobeh.
  1744 | D:3      | Found a white marble altar of Elyvilon.
  2355 | D:3      | Reached XP level 5. HP: 28/28 MP: 7/9
  2431 | D:3      | Reached * piety under Vehumet
  2431 | D:3      | Offered knowledge of Shock by Vehumet.
  2900 | D:4      | Found a staircase to the Ecumenical Temple.
  2955 | D:4      | Reached skill level 5 in Earth Magic
  3034 | D:4      | Found a radiant altar of Vehumet.
  3074 | D:4      | Reached XP level 6. HP: 32/32 MP: 7/11
  3075 | D:4      | Noticed a water moccasin
  3087 | D:4      | Killed a water moccasin
  3295 | D:4      | Found a snail-covered altar of Cheibriados.
  3353 | D:4      | Reached XP level 7. HP: 36/36 MP: 12/12
  3866 | D:5      | Entered Level 5 of the Dungeon
  3874 | D:5      | Reached skill level 6 in Earth Magic
  4149 | D:5      | Reached ** piety under Vehumet
  4151 | D:5      | Offered knowledge of Freeze by Vehumet.
  4152 | D:5      | Reached XP level 8. HP: 32/41 MP: 12/14
  4199 | D:5      | Learned a level 3 spell: Stone Arrow
  4491 | D:5      | Reached skill level 7 in Earth Magic
  4954 | D:6      | Reached skill level 5 in Spellcasting
  4969 | D:6      | Reached skill level 5 in Stealth
  5009 | D:6      | Noticed Eustachio
  5022 | D:6      | Killed Eustachio
  5033 | D:6      | Found a sand-covered staircase.
  5042 | D:6      | Noticed Menkaure
  5049 | D:6      | Killed Menkaure
  5050 | D:6      | Reached skill level 8 in Earth Magic
  5050 | D:6      | Reached XP level 9. HP: 39/45 MP: 15/17
  5058 | Ossuary  | Entered an ossuary
  5618 | D:6      | Offered knowledge of Ignite Poison by Vehumet.
  5621 | D:6      | Noticed Prince Ribbit
  5644 | D:6      | Killed Prince Ribbit
  5702 | D:6      | Reached skill level 9 in Earth Magic
  5912 | D:6      | Reached *** piety under Vehumet
  6317 | D:7      | Offered knowledge of Flame Wave by Vehumet.
  6323 | D:7      | Learned a level 4 spell: Flame Wave
  6421 | D:7      | Reached XP level 10. HP: 50/50 MP: 20/20
  6791 | D:7      | Found an iron altar of Okawaru.
  6791 | D:7      | Found a hide-covered altar of Uskayaw.
  6832 | D:8      | Noticed Grum
  6847 | D:8      | Killed Grum
  6853 | D:8      | Reached skill level 10 in Earth Magic
  7027 | D:8      | Reached **** piety under Vehumet
  7124 | D:8      | Reached skill level 5 in Dodging
  7588 | D:8      | Found a runed translucent gate.
  7588 | D:8      | Found a runed translucent gate.
  7588 | D:8      | Found a runed translucent gate.
  7588 | D:8      | Noticed a white ugly thing
  7589 | D:8      | Noticed a cyan ugly thing
  7589 | D:8      | Noticed a glowing orange brain
  7589 | D:8      | Noticed a white ugly thing
  7589 | D:8      | Noticed a red ugly thing
  7594 | D:8      | Noticed a brown ugly thing
  7671 | D:8      | Offered knowledge of Lee's Rapid Deconstruction by Vehumet.
  7686 | D:8      | Learned a level 5 spell: Lee's Rapid Deconstruction
  7849 | D:9      | Found a stormy altar of Qazlal.
  7856 | D:9      | Noticed an unseen horror
  7859 | D:9      | Killed an unseen horror
  8015 | D:9      | Reached skill level 1 in Conjurations
  8544 | D:10     | Entered Level 10 of the Dungeon
  8556 | D:10     | Reached skill level 1 in Fighting
  8556 | D:10     | Reached skill level 1 in Armour
  8565 | D:10     | Reached XP level 11. HP: 43/56 MP: 18/23
  8576 | D:10     | Found a flagged portal.
  8580 | D:10     | Reached skill level 11 in Earth Magic
  8587 | D:10     | Reached skill level 5 in Transmutations
  8684 | Bailey   | Entered a bailey
  8725 | Bailey   | Noticed an orc warlord
  8770 | Bailey   | Reached ***** piety under Vehumet
  8843 | Bailey   | Found a runed translucent gate.
  8846 | Bailey   | Found a runed translucent gate.
  8848 | Bailey   | Found a runed translucent gate.
  8855 | Bailey   | Noticed an orc knight
  8866 | Bailey   | Killed an orc knight
  8866 | Bailey   | Offered knowledge of Arcjolt by Vehumet.
  8872 | Bailey   | Learned a level 4 spell: Petrify
  9063 | Bailey   | Killed an orc warlord
  9236 | Bailey   | Identified the +5 battleaxe "Lits" {vamp, rN+ Str+2 Int+5}
  9409 | D:10     | Noticed Urug
  9415 | D:10     | Killed Urug
  9604 | D:10     | Identified the +4 falchion of the Chickpea {speed, Drain
                  | rN+ Str+8}
  9622 | D:10     | Acquired a staff of earth
  9798 | D:10     | Slain by a komodo dragon

Illustrated notes

Levels and vault maps discovered:
D:1:      dpeg_arrival_rooms_b, layout_loops_ring
D:2:      layout_basic, basic_altar, uniq_jessica
D:3:      minmay_razor_zed, layout_rooms, lemuel_crystal_altar,
          nicolae_overflow_hidden_temple, kennysheep_donut,
          chequers_serial_rivers_micro_d, minmay_pentomino_pile
D:4:      layout_cave_pods, lemuel_doored_altar, slow_altar_1,
          minmay_temple_entry_large_hall, serial_bayou_lagoon_a, grunt_decor_cap
D:5:      cheibrodos_quashed, layout_layer_cave
D:6:      layout_rooms, lightli_ossuary_entry_decrepit_ruins, roderic_batcave,
          uniq_eustachio, uniq_prince_ribbit1, uniq_menkaure
D:7:      layout_loops_ring, gammafunk_temple_overflow_wave,
          corexii_checkpoint_a
D:8:      layout_gridville, ploomutoo_gammafunk_ghost_potion_laboratory,
          onia_ninara_dug_in_and_dangerous, uniq_grum
D:9:      layout_roguey, nicolae_overflow_crystal_walls, serial_corexii_hall,
          chequers_hall_statues_y, corexii_hall_statues_s,
          kennysheep_generic_room_5
D:10:     layout_roguey [special_room_bee], erik_lair_dragon, enter_bailey_6,
          hangedman_misty_isle, uniq_urug

Skill      XL: |  1  2  3  4  5  6  7  8  9 10 11 |
---------------+----------------------------------+-----
Transmutations | 1 2 3 4 5 |  5.3
Earth Magic    | 4 5 6 8 9 10 11 | 11.7
Dodging        | 2 3 4 5 |  5.8
Stealth        | 3 4 5 6 7 8 |  8.4
Spellcasting   | 3 4 5 7 8 |  8.9
Conjurations   | 1 4 |  4.2
Fighting       | 1 3 |  3.0
Armour         | 1 2 |  2.9

Action                     |  1- 3 |  4- 6 |  7- 9 | 10-12 || total
---------------------------+-------+-------+-------+-------++-------
  Melee: Unarmed           |    17 |     6 |     4 |       ||    27
   Cast: Sandblast         |    36 |   101 |   188 |   179 ||   504
         Stone Arrow       |       |       |     4 |    41 ||    45
         Lee's Rapid Decon |       |       |       |    19 ||    19
  Evoke: Wand              |       |       |       |     2 ||     2
    Use: Potion            |       |     1 |     1 |     3 ||     5
         Scroll            |       |       |     3 |    21 ||    24
 Armour: Robe              |    10 |    17 |    37 |    10 ||    74
         Steam dragon scal |       |       |       |    39 ||    39
  Dodge: Dodged            |    21 |    39 |    59 |   102 ||   221

Table legend: (Time is in decaauts)
 A = Elapsed time spent in this place.
 B = Non-inter-level travel time spent in this place.
 C = Inter-level travel time spent in this place.
 D = Time resting spent in this place.
 E = Time spent auto-exploring this place.
 F = Levels seen in this place.
 G = Mean time per level.
                   A        B        C        D        E       F      G
               +--------+--------+--------+--------+--------+-----+--------+
         Total |  10084 |   9879 |    205 |    387 |   7733 |  12 |  840.3 |
       Dungeon |   8961 |   8756 |    205 |    334 |   6955 |  10 |  896.1 |
       Ossuary |    543 |    543 |      0 |      0 |    431 |   1 |  543.0 |
        Bailey |    579 |    579 |      0 |     53 |    346 |   1 |  579.0 |
               +--------+--------+--------+--------+--------+-----+--------+

Top non-repeatable levels by time:
     D:3: 1135 daAuts
     D:5: 1108 daAuts
     D:4: 1098 daAuts
     D:8: 952 daAuts
     D:1: 892 daAuts
     D:7: 892 daAuts
     D:2: 830 daAuts
     D:9: 791 daAuts
    D:10: 728 daAuts
  Bailey: 579 daAuts
 Ossuary: 543 daAuts
     D:6: 530 daAuts
